 Dungeon Crawl Stone Soup version 0.22.1-1-ga44c0e56f4 (webtiles) character file.

511 Morbidden the Chopper (level 7, -2/36 HPs)
             Began as a Vine Stalker Fighter on Nov 7, 2018.
             Was an Initiate of Okawaru.
             Killed from afar by Ijyb (8 damage)
             ... with a wand of acid (7)
             ... on level 5 of the Dungeon.
             The game lasted 00:05:43 (3021 turns).

Morbidden the Chopper (Vine Stalker Fighter)        Turns: 3021, Time: 00:05:44

Health: -2/36      AC: 10    Str: 20    XL:     7   Next: 19%
Magic:  0/11       EV:  5    Int:  8    God:    Okawaru [......]
Gold:   183        SH:  9    Dex: 14    Spells: 10/10 levels left

rFire    . . .     SeeInvis .   r - +1 hand axe (flame)
rCold    . . .     Gourm    .   c - +0 shield
rNeg     . . .     Faith    .   u - +0 chain mail
rPois    .         Spirit   +   m - +0 helmet (curse)
rElec    .         Reflect  .   (no cloak)
rCorr    .         Harm     .   (no gloves)
MR       .....                  (no boots)
Stlth    ..........             p - amulet of regeneration
HPRegen  0.92/turn              (no ring)
MPRegen  0.12/turn              (no ring)

@: no status effects
A: fangs 2, regeneration 1, magic shield, antimagic bite, no potion heal 3, rot
immunity
a: Renounce Religion


You were on level 5 of the Dungeon.
You worshipped Okawaru.
Okawaru was noncommittal.
You were very hungry.

You visited 2 branches of the dungeon, and saw 6 of its levels.

You collected 183 gold pieces.

Inventory:

Hand Weapons
 a - a +0 war axe
 j - a cursed -3 hand axe
 r - a +1 hand axe of flaming (weapon)
Missiles
 n - a throwing net (quivered)
Armour
 c - a +0 shield (worn)
 m - a cursed +0 helmet (worn)
 u - a +0 chain mail (worn)
Jewellery
 p - an amulet of regeneration (around neck)
Scrolls
 b - 2 scrolls of noise {unknown}
 e - a scroll of magic mapping {unknown}
 g - 4 scrolls of identify
 i - a scroll of fog {unknown}
 k - a scroll of teleportation
 o - a scroll of immolation {unknown}
 q - 2 scrolls of remove curse {unknown}
 s - a scroll of fear {unknown}
 t - 2 scrolls of blinking {unknown}
 w - 4 scrolls of amnesia {unknown}
Potions
 d - 4 potions of might
 h - a potion of agility {unknown}
 l - a potion of curing {unknown}
 v - a potion of brilliance {unknown}
 x - 2 potions of degeneration {unknown}
 z - a potion of heal wounds {unknown}
Comestibles
 f - 9 rations


   Skills:
 + Level 3.3 Fighting
 * Level 5.2 Axes
 + Level 2.8 Armour
 + Level 0.5 Dodging
 + Level 3.6 Shields
 * Level 2.1 Spellcasting
 * Level 0.5 Invocations


You had 10 spell levels left.
You didn't know any spells.
Your spell library contained the following spells:

 Spells                   Type           Power        Failure   Level  Hunger
 Beastly Appendage        Tmut           #.....       100%        1    ##.....
 Sticks to Snakes         Tmut           #.......     100%        2    ###....
 Spider Form              Tmut/Pois      #.........   100%        3    ####...
 Ice Form                 Ice/Tmut       #.......     100%        4    #####..
 Blade Hands              Tmut           #.........   100%        5    ######.


Dungeon Overview and Level Annotations

Branches:
Dungeon (5/15)             Temple (1/1) D:5

Altars:
Ashenzari
Hepliaklqana
Nemelex Xobeh
Okawaru
Qazlal
Zin
The Shining One
Lugonu

Shops:
D:2 *

Annotations:
D:4 3 runed doors, Artagas's ghost, amateur OpTm
D:5 Ijyb


Innate Abilities, Weirdness & Mutations

You have extremely sharp teeth.
Your natural rate of healing is unusually fast.
When hurt, damage is shared between your health and your magic reserves.
Your bite disrupts and absorbs the magic of your enemies.
Potions cannot restore your health.
You are immune to rotting.


Message History

You block Ijyb's attack.
You barely miss Ijyb. You bite Ijyb, but do no damage.
Ijyb is heavily wounded.
Ijyb zaps a wand.
The bolt of acid hits you!
You are splashed with acid!
The acid burns!
It is a wand of acid (8).
You are too injured to fight recklessly!
You are too injured to fight recklessly!
You are too injured to fight recklessly!
You are too injured to fight recklessly!
Unknown command.
You hit Ijyb but do no damage. You bite Ijyb, but do no damage.
Ijyb is heavily wounded.
Ijyb zaps a wand.
The bolt of acid hits you!
* * * LOW HITPOINT WARNING * * *
You are splashed with acid!
The acid burns!
* * * LOW HITPOINT WARNING * * *
You hit Ijyb but do no damage. Your bite misses Ijyb.
Ijyb is heavily wounded.
Ijyb zaps a wand.
The bolt of acid hits you!
You die...

#. .########.
......[...
#......(.#
#.......#
#[###.......#.
#.....g......(
#.@.[...# 8
#.......## #.
#........# #8.
### #.........
# ##>
#.###.####.!##
#
########.....#
.... #
.........#####
... #..###.##
.. #####..#
#.#


You could see Ijyb.

Vanquished Creatures
  An ice beast (D:5)
  3 bullfrog skeletons (D:4)
  3 hounds
  An iguana (D:4)
  2 worker ants (D:4)
  Robin (D:2)
  5 adders
  A shadow imp (D:5)
  4 worms
  7 leopard geckos
  6 orcs
  A ball python (D:2)
  4 bats
  5 giant cockroaches
  15 goblins
  7 hobgoblins
  5 jackals
  7 kobolds
  2 quokkas (D:3)
  5 frilled lizards
  A jackal skeleton (D:4)
  A leopard gecko skeleton (D:4)
  5 rats
92 creatures vanquished.

Notes
Turn   | Place    | Note
-------+----------+-------------------------------------------
     0 | D:1      | Morbidden the Vine Stalker Fighter began the quest for the
                  | Orb.
     0 | D:1      | Reached XP level 1. HP: 11/11 MP: 2/2
    87 | D:1      | Reached XP level 2. HP: 16/16 MP: 1/3
    91 | D:1      | Reached skill level 2 in Axes
   639 | D:2      | Noticed Robin
   650 | D:2      | Reached XP level 3. HP: 16/19 MP: 4/4
   660 | D:2      | Killed Robin
   686 | D:2      | Found Zin's Purification Station.
   698 | D:2      | Found a glowing silver altar of Zin.
   826 | D:2      | Gained mutation: Your natural rate of healing is unusually
                  | fast. [Vine Stalker growth]
   826 | D:2      | Reached XP level 4. HP: 24/24 MP: 6/6
   937 | D:2      | Reached skill level 1 in Spellcasting
   957 | D:2      | Reached skill level 3 in Axes
  1162 | D:2      | Found a glowing golden altar of the Shining One.
  1796 | D:3      | Reached XP level 5. HP: 28/28 MP: 7/7
  1836 | D:3      | Found a sparkling altar of Nemelex Xobeh.
  2134 | D:4      | Reached skill level 4 in Axes
  2189 | D:4      | Reached XP level 6. HP: 31/32 MP: 9/9
  2206 | D:4      | Noticed a phantom
  2209 | D:4      | Found a runed gate.
  2210 | D:4      | Found a runed gate.
  2211 | D:4      | Found a runed gate.
  2211 | D:4      | Noticed Artagas's ghost (amateur OpTm)
  2686 | D:5      | Entered Level 5 of the Dungeon
  2696 | D:5      | Reached skill level 5 in Axes
  2727 | D:5      | Found a staircase to the Ecumenical Temple.
  2748 | Temple   | Entered the Ecumenical Temple
  2764 | Temple   | Became a worshipper of Warmaster Okawaru
  2852 | D:5      | Noticed an ice beast
  2876 | D:5      | Killed an ice beast
  2876 | D:5      | Reached XP level 7. HP: 15/36 MP: 5/11
  3011 | D:5      | Noticed Ijyb
  3021 | D:5      | Killed from afar by Ijyb

Skill      XL: |  1  2  3  4  5  6 |
---------------+-------------------+-----
Axes           | 2 3 4 5 |  5.2
Shields        | 3 |  3.6
Fighting       | 3 |  3.3
Spellcasting   | 1 2 |  2.1
Armour         | |  2.8
Dodging        | |  0.5
Invocations    | |  0.5

Action                   |  1- 3 |  4- 6 |  7- 9 || total
-------------------------+-------+-------+-------++-------
Melee: War axe           |    55 |    26 |       ||    81
       Bite              |     8 |    54 |     5 ||    67
       Hand axe          |       |   155 |     7 ||   162
  Use: Scroll            |       |     2 |       ||     2
  Eat: Chunk             |       |     6 |       ||     6
Armor: Scale mail        |    27 |    24 |       ||    51
       Chain mail        |       |    57 |     3 ||    60
Dodge: Dodged            |    17 |    33 |       ||    50
Block: Shield            |    38 |    79 |     2 ||   119
